 Dungeon Crawl Stone Soup version 0.17-a0-1132-g5dd4065 (console) character file.

13400 Monkaria the Carver (level 11, -3/92 HPs)
             Began as a Demonspawn Chaos Knight on May 25, 2015.
             Shot with an arrow by a centaur (10 damage)
             ... on level 13 of the Dungeon.
             The game lasted 00:28:19 (10957 turns).

Monkaria the Carver (Demonspawn Chaos Knight)      Turns: 10957, Time: 00:28:19

Health: -3/92      AC: 13    Str: 16    XL:     11   Next: 75%
Magic:  8/11       EV: 23    Int: 15    God:    Xom [.*....]
Gold:   445        SH:  0    Dex: 24    Spells: 0 memorised, 10 levels left

rFire  + + .     SeeInvis +     W - +9 scimitar {drain, rF++ SInv Stlth+}
rCold  . . .     Rnd*Rage +     D - +0 ring mail {rPois}
rNeg   . . .     SustAt   .     (no shield)
rPois  +         Gourm    .     (helmet unavailable)
rElec  .         Spirit   .     n - +0 cloak
rCorr  .         Warding  .     (no gloves)
rMut   .         Rnd*Tele +     k - +1 pair of boots
MR     .....                    (no amulet)
Stlth  ++++......               b - ring of teleportation
                                q - +3 ring of protection

@: agile, not resistant to hostile enchantments, stealthy
A: beak, horns 3, thin skeletal structure 2, see invisible, agile 1, berserk 1,
breathe flames 1, clever 1, powered by death 2, robust 1, wild magic 2
a: Renounce Religion, Breathe Fire, Evoke Teleportation


You were on level 13 of the Dungeon.
You worshipped Xom.
You were a plaything of Xom.
You were not hungry.

You visited 3 branches of the dungeon, and saw 13 of its levels.

You collected 529 gold pieces.
You spent 84 gold pieces at shops.

Inventory:

Hand weapons
 N - a +1 scimitar of flaming
 W - the +9 scimitar "Zathanec" (weapon) {drain, rF++ SInv Stlth+}
   (You found it on level 9 of the Dungeon)

   A truly terrible weapon, it drains the life of those it strikes.
   It greatly protects you from fire.
   It lets you see invisible.
   It makes you more stealthy.
Missiles
 f - 7 tomahawks (quivered)
 v - 82 poisoned needles
 I - 3 tomahawks of returning
 P - 10 curare-tipped needles
Armour
 k - a +1 pair of boots (worn)
 n - a +0 cloak (worn)
 z - a +1 chain mail of cold resistance
 D - a +0 ring mail of poison resistance (worn)
Jewellery
 b - a ring of teleportation (right hand)
 o - a +1 ring of evasion
 q - a +3 ring of protection (left hand)
 s - an uncursed ring of ice
 Y - an uncursed ring of flight
Magical devices
 a - a wand of frost (8)
 c - a wand of digging (10)
 t - a wand of lightning (15)
 U - a wand of draining (6)
Scrolls
 d - a scroll of teleportation
 h - 8 scrolls of remove curse
 j - 2 scrolls of identify
 M - 3 scrolls of noise {unknown}
 O - a scroll of immolation {unknown}
Potions
 e - a potion of agility
 B - a potion of resistance
 C - 4 potions of flight
 E - 2 potions of magic {unknown}
 F - a potion of berserk rage {unknown}
 J - a potion of haste {unknown}
 R - 2 potions of lignification {unknown}
Miscellaneous
 l - a fan of gales
 m - a plain deck of wonders
 H - a lamp of fire
Comestibles
 g - 6 meat rations
 i - a royal jelly
 p - a beef jerky
 r - a bread ration


   Skills:
 - Level 7.1 Fighting
 + Level 12.5 Long Blades
 - Level 9.2 Armour
 - Level 8.0 Dodging


You had 10 spell levels left.
You didn't know any spells.

Dungeon Overview and Level Annotations

Branches:
Dungeon (13/15)            Temple (1/1) D:5            Lair (1/8) D:10
    Orc (0/4) D:10
 Vaults: D:13-14

Altars:
Ashenzari
Cheibriados
Dithmenos
Elyvilon
Fedhas
Gozag
Kikubaaqudgha
Makhleb
Nemelex Xobeh
Okawaru
Qazlal
Ru
Sif Muna
Trog
Vehumet
Xom
Yredelemnul
Zin
The Shining One

Shops:
D:4 (

Portals:
Trove: D:10 (give +5 demon whip)


Innate Abilities, Weirdness & Mutations

You have a pair of large horns on your head.
You have a moderately thin skeletal structure (Dex +4, Stealth+).
You can steal the life force of defeated enemies.
You have a beak for a mouth.
You have supernaturally acute eyesight.
You are agile. (Dex +2)
You tend to lose your temper in combat.
You can breathe flames.
Your mind is acute. (Int +2)
You are robust (+10% HP).
Your spells are harder to cast, but more powerful.


Message History

You can't drink that!
Unknown command.
Unknown command.
Drink which item? (? for menu, Esc to quit)
You feel agile all of a sudden.
The centaur shoots an arrow of frost.
The arrow of frost hits you.
* * * LOW HITPOINT WARNING * * *
The arrow of frost freezes you.
* * * LOW HITPOINT WARNING * * *
The human completely misses you.
The centaur shoots an arrow of frost.
The arrow of frost misses you.
The centaur shoots an arrow.
The arrow barely misses you.
Unknown command.
Unknown command.
A centaur comes into view.
You see here an arrow of frost.
The centaur shoots an arrow.
The arrow completely misses you.
The centaur wields a shortbow.
The centaur shoots an arrow.
The arrow hits you!
You die...
Xom cackles wildly!

## ###########
...##.@(p.....#
.[.............########
#..###..cc.c.....(....#
##...........l(...#####
#####....####..(## .
###..#....#.### ..
#.c..####...##### #.##
######...### ###...#..
#...######(()).......
###.#.#


You could see a basilisk, a human and 4 centaurs.

Vanquished Creatures
  Erica (D:8)
  A centaur warrior (D:13)
  An ice statue (D:9)
  Pikel (D:8)
  The ghost of Bubblegod the Grappler, an experienced GrMo of the Shining One (D:7)
  An ugly thing (D:13)
  Joseph (D:8)
  2 gargoyles
  A fire drake (D:9)
  2 trolls
  A wraith (D:13)
  A basilisk (D:13)
  2 humans (D:13)
  3 wandering mushrooms (D:8)
  13 yaks
  A steam dragon (D:10)
  Edmund (D:6)
  A water moccasin (D:9)
  A hippogriff (D:7)
  4 sky beasts
  The ghost of Herrn the Cudgeler, an average OgGl (D:3)
  9 centaurs
  A wasp (D:10)
  3 ogres
  A black bear (D:8)
  A necrophage (D:8)
  3 crocodiles (D:10)
  2 phantoms
  2 eyes of draining
  4 giant frogs
  A wyvern skeleton (D:9)
  4 scorpions
  4 wights (D:13)
  An electric eel (D:9)
  2 hounds
  A giant frog zombie (D:5)
  2 oklob saplings (D:8)
  2 crimson imps
  A jelly (D:13)
  2 centaur zombies
  A giant frog skeleton (D:9)
  2 centaur skeletons
  3 orc priests
  4 orc wizards
  5 iguanas
  6 worker ants
  2 killer bee zombies (D:7)
  A hound zombie (D:10)
  2 worker ant zombies (D:8)
  11 adders
  2 river rats (D:6)
  3 shadow imps
  An ooze (D:3)
  An adder zombie (D:5)
  An adder skeleton (D:4)
  4 worms
  8 giant geckos
  19 orcs
  14 bats
  A bat skeleton (D:4)
  8 giant cockroaches
  14 goblins
  13 hobgoblins
  3 jackals (D:4)
  15 kobolds
  7 quokkas
  3 ball pythons
  4 giant newts
  A quokka skeleton (D:9)
  17 rats
263 creatures vanquished.

Vanquished Creatures (collateral kills)
  Psyche (D:8)
  An ice beast (D:7)
  A giant frog (D:7)
  An orc (D:5)
  A hobgoblin (D:7)
5 creatures vanquished.

Vanquished Creatures (others)
  A slave (D:8)
  An ogre (D:8)
  A worker ant (D:8)
  A quasit (D:8)
  An adder (D:9)
  A shadow imp (D:13)
  A wandering mushroom (D:8)
7 creatures vanquished.

Grand Total: 275 creatures vanquished

Notes
Turn   | Place    | Note
--------------------------------------------------------------
     0 | D:1      | Monkaria the Demonspawn Chaos Knight began the quest for the Orb.
     0 | D:1      | Reached XP level 1. HP: 18/18 MP: 1/1
     9 | D:1      | XOM: divination: magic mapping
    77 | D:1      | XOM: harmless Chrm miscast
   111 | D:1      | XOM: harmless Pois miscast
   126 | D:1      | Gained mutation: You have a pair of small horns on your head. [demonic ancestry]
   126 | D:1      | Reached XP level 2. HP: 18/24 MP: 2/2
   260 | D:1      | XOM: divination: detect creatures
   615 | D:1      | Reached skill level 4 in Fighting
   781 | D:2      | Gained mutation: You have a pair of horns on your head. [demonic ancestry]
   781 | D:2      | Reached XP level 3. HP: 30/30 MP: 3/3
   860 | D:2      | XOM: colour smoke trail
  1006 | D:2      | Gained mutation: You have a somewhat thin skeletal structure (Dex +2, Stealth). [demonic ancestry]
  1006 | D:2      | Reached XP level 4. HP: 22/37 MP: 4/4
  1249 | D:2      | XOM: medium Hex miscast
  1274 | D:2      | Found an ancient bone altar of Kikubaaqudgha.
  1274 | D:2      | Found a snail-covered altar of Cheibriados.
  1292 | D:2      | Found a shattered altar of Ashenzari.
  1791 | D:3      | XOM: harmless Necr miscast
  1853 | D:3      | Noticed Herrn's ghost (average OgGl)
  1876 | D:3      | XOM: blink monster(s)
  2100 | D:4      | Noticed a phantom
  2106 | D:4      | Noticed an ogre
  2121 | D:4      | Killed an ogre
  2121 | D:4      | Reached skill level 5 in Long Blades
  2121 | D:4      | Reached XP level 5. HP: 24/42 MP: 5/5
  2126 | D:4      | XOM: confusion (+ monsters)
  2284 | D:4      | XOM: silly message
  2295 | D:4      | Killed a phantom
  2295 | D:4      | Reached XP level 6. HP: 34/48 MP: 6/6
  2504 | D:4      | Noticed an ogre
  2506 | D:4      | XOM: enchant monster (bad)
  2507 | D:4      | XOM: noise
  2513 | D:4      | Killed an ogre
  2513 | D:4      | Reached skill level 6 in Long Blades
  2598 | D:4      | Found Joyh's Antique Weapon Emporium.
  2606 | D:4      | Bought a runed long sword for 84 gold pieces
  3265 | D:4      | XOM: noise
  3381 | D:5      | Entered Level 5 of the Dungeon
  3457 | D:5      | Reached skill level 7 in Long Blades
  3457 | D:5      | Reached XP level 7. HP: 31/54 MP: 7/7
  3700 | D:5      | Found a staircase to the Ecumenical Temple.
  3707 | D:5      | XOM: potion effect (brilliance)
  3709 | D:5      | XOM: chaos upgrade
  3713 | D:5      | XOM: confuse monster(s)
  3757 | Temple   | Entered the Ecumenical Temple
  4029 | D:5      | Reached skill level 8 in Long Blades
  4057 | D:5      | XOM: 1-stop teleportation journey
  4492 | D:3      | Found a burning altar of Makhleb.
  4589 | D:3      | Killed Herrn's ghost
  4589 | D:3      | Gained mutation: You have a pair of large horns on your head. [demonic ancestry]
  4589 | D:3      | Reached XP level 8. HP: 53/60 MP: 8/8
  4775 | D:3      | XOM: 9-stop teleportation journey
  5152 | D:3      | XOM: mild Pois miscast
  5208 | D:4      | XOM: god gift: 3 tomahawks of returning
  5221 | D:4      | XOM: god gift: fizzy brown potion
  5645 | D:6      | XOM: vitrification
  5682 | D:6      | Noticed Edmund
  5694 | D:6      | XOM: enchant monster (good)
  5698 | D:6      | Killed Edmund
  5946 | D:6      | XOM: god gift: lamp of fire
  5978 | D:6      | Reached skill level 9 in Long Blades
  6031 | D:6      | XOM: polymorph rat -> ball python
  6213 | D:6      | XOM: vitrification
  6251 | D:6      | XOM: give mutation
  6251 | D:6      | Gained mutation: You are agile. (Dex +2) [Xom's grace]
  6406 | D:6      | XOM: god gift: beef jerky
  6413 | D:6      | Gained mutation: You have supernaturally acute eyesight. [mutagenic meat]
  6414 | D:6      | Gained mutation: Your spells are a little harder to cast, but a little more powerful. [mutagenic meat]
  6415 | D:6      | Gained mutation: Your mind is acute. (Int +2) [mutagenic meat]
  6416 | D:6      | Gained mutation: You tend to lose your temper in combat. [mutagenic meat]
  6532 | D:7      | Noticed Bubblegod's ghost (experienced GrMo)
  6532 | D:7      | XOM: swap monsters
  6544 | D:7      | XOM: potion effect (experience)
  6544 | D:7      | Reached skill level 10 in Long Blades
  6544 | D:7      | Reached skill level 5 in Dodging
  6544 | D:7      | Gained mutation: You can steal the life force of nearby defeated enemies. [demonic ancestry]
  6544 | D:7      | Reached XP level 9. HP: 45/65 MP: 9/9
  6550 | D:7      | Killed Bubblegod's ghost
  6574 | D:7      | XOM: 6-stop teleportation journey
  6641 | D:7      | XOM: god gift: glowing battleaxe {god gift}
  6691 | D:7      | XOM: summons friendly rust devil
  6908 | D:7      | XOM: give mutations
  6908 | D:7      | Gained mutation: You can breathe flames. [Xom's grace]
  6908 | D:7      | Gained mutation: Your spells are harder to cast, but more powerful. [Xom's grace]
  6908 | D:7      | Gained mutation: You have a beak for a mouth. [Xom's grace]
  6908 | D:7      | Gained mutation: You are robust (+10% HP). [Xom's grace]
  7065 | D:8      | XOM: summons 9 friendly demons
  7083 | D:8      | XOM: scenery: 1 doors open, 1 doors close
  7131 | D:8      | Noticed Erica
  7148 | D:8      | Killed Erica
  7148 | D:8      | Reached skill level 5 in Fighting
  7148 | D:8      | Gained mutation: You can steal the life force of defeated enemies. [demonic ancestry]
  7148 | D:8      | Reached XP level 10. HP: 56/83 MP: 10/10
  7162 | D:8      | XOM: vitrification
  7230 | D:8      | Noticed Pikel
  7258 | D:8      | Killed Pikel
  7294 | D:8      | XOM: fake destruction
  7295 | D:8      | XOM: 2-stop teleportation journey
  7361 | D:8      | Noticed Joseph
  7377 | D:8      | Killed Joseph
  7473 | D:8      | Noticed Psyche
  7475 | D:8      | XOM: summons 10 friendly demons
  7479 | D:8      | Killed Psyche
  7599 | D:8      | XOM: cast spell 'Ice Form'
  7683 | D:8      | XOM: scenery: 1 doors close
  7745 | D:8      | Noticed a brown ugly thing
  7784 | D:8      | Found a blossoming altar of Fedhas.
  7842 | D:8      | XOM: vitrification
  8160 | D:8      | XOM: blink monster(s)
  8271 | D:9      | XOM: silly message
  8343 | D:9      | XOM: noise
  8410 | D:9      | XOM: scenery: create altars
  8481 | D:9      | Found a sparkling altar of Nemelex Xobeh.
  8858 | D:9      | XOM: chaos cloud
  9038 | D:9      | XOM: polymorph sky beast -> water moccasin
  9360 | D:9      | XOM: god gift: glowing blowgun {god gift}
  9366 | D:9      | Noticed an ice statue
  9368 | D:9      | XOM: cast spell 'Dispersal'
  9372 | D:9      | XOM: polymorph ice beast -> fire drake
  9379 | D:9      | XOM: stat loss: -1 Int (14/15)
  9380 | D:9      | XOM: fog
  9386 | D:9      | XOM: mild Summ miscast
  9387 | D:9      | XOM: potion effect (heal wounds)
  9396 | D:9      | Killed an ice statue
  9396 | D:9      | Gained mutation: You have a moderately thin skeletal structure (Dex +4, Stealth+). [demonic ancestry]
  9396 | D:9      | Reached XP level 11. HP: 42/92 MP: 11/11
  9406 | D:9      | Got a pitted scimitar
  9584 | D:9      | XOM: god gift: beef jerky
  9603 | D:10     | Entered Level 10 of the Dungeon
  9636 | D:10     | Identified the +9 scimitar "Zathanec" {drain, rF++ SInv Stlth+} (You found it on level 9 of the Dungeon)
  9652 | D:10     | Found a staircase to the Orcish Mines.
  9799 | D:10     | Found a staircase to the Lair.
  9867 | Lair:1   | Entered Level 1 of the Lair of Beasts
  9882 | D:10     | Reached skill level 11 in Long Blades
  9882 | D:10     | XOM: swap monsters
 10042 | D:10     | Found a portal to a secret trove of treasure.
 10294 | D:10     | You fall through a shaft for 3 floors!
 10371 | D:13     | Noticed a skeletal warrior
 10371 | D:13     | Noticed a skeletal warrior
 10374 | D:13     | XOM: 2-stop teleportation journey
 10401 | D:13     | XOM: silly message
 10402 | D:13     | Noticed a centaur warrior
 10410 | D:13     | Killed a centaur warrior
 10410 | D:13     | Reached skill level 12 in Long Blades
 10430 | D:13     | XOM: confusion
 10432 | D:13     | XOM: confusion
 10627 | D:13     | XOM: silly message
 10881 | D:13     | XOM: confuse monster(s)
 10882 | D:13     | XOM: summons friendly shadow imp
 10894 | D:13     | Noticed a skeletal warrior
 10947 | D:13     | XOM: enchant monster (good)
 10948 | D:13     | XOM: cast spell 'Blink'
 10957 | D:13     | Shot with an arrow by a centaur

Vault maps used:
D:1:      dpeg_arrival_erosion, serial_bayou_crossing
D:2:      gammafunk_temple_overflow_statue, ashenzari_altar_1, first_bread,
          serial_bayou_ford_a
D:3:      lemuel_round_altar, minivault_5
D:4:      serial_shops, shop, minmay_misc_feat_ornament, minmay_misc_feat_doors,
          fountainhead
D:5:      temple_statues
D:6:      portal_sewer_entry_e, uniq_edmund
D:8:      hangedman_tree_tricks, uniq_joseph, uniq_pikel, uniq_erica,
          uniq_psyche
D:9:      statuecave_lemuel, kennysheep_mini
D:10:     erik_lair_dragon, orc_0_dummy, nicolae_trove_entry_columns
D:13:     david_vaults_3
Temple:   water_room_temple_a_12
Lair:1:   beast_lair_carwin_11, uniq_fannar, uniq_sonja

Action                   |  1- 3 |  4- 6 |  7- 9 | 10-12 || total
-------------------------+-------+-------+-------+-------++-------
Melee: Falchion          |    88 |   122 |    68 |       ||   278
       Long sword        |       |    46 |   160 |       ||   206
       Scimitar          |       |       |       |   314 ||   314
       Unarmed           |       |       |       |    19 ||    19
Throw: Tomahawk          |       |       |       |     2 ||     2
 Abil: Evoke Teleportati |       |       |       |     2 ||     2
  Use: Scroll            |       |       |    11 |     8 ||    19
       Potion            |       |       |       |     7 ||     7
 Stab: Paralysed         |     3 |     4 |       |     4 ||    11
       Confused          |       |       |     5 |       ||     5
       Sleeping          |       |       |     3 |     4 ||     7
       Distracted        |       |       |       |     3 ||     3
  Eat: Chunk             |       |     8 |    14 |    10 ||    32
       Fruit             |       |       |     2 |     1 ||     3
       Pizza             |       |       |     1 |       ||     1
       Beef jerky        |       |       |       |     2 ||     2
